 Dungeon Crawl Stone Soup version 0.20-a0-522-g0b37eee (webtiles) character file.

1938 Kaname the Conjurer (level 8, 0/56 HPs)
             Began as a Demonspawn Earth Elementalist on Jan 26, 2017.
             Was a Believer of Vehumet.
             Slain by a gnoll
             ... wielding a +0 flail
              (8 damage)
             ... on level 7 of the Dungeon.
             The game lasted 00:27:00 (8032 turns).

Kaname the Conjurer (Demonspawn Earth Elementalist) Turns: 8032, Time: 00:27:01

Health: 0/56       AC:  3    Str:  9    XL:     8   Next: 97%
Magic:  5/11       EV: 12    Int: 19    God:    Vehumet [**....]
Gold:   146        SH:  0    Dex: 13    Spells: 2/11 levels left

rFire    . . .     SeeInvis .   y - +2 spear (pierce)
rCold    . . .     Gourm    .   c - +0 robe
rNeg     . . .     Faith    .   (no shield)
rPois    .         Spirit   .   (no helmet)
rElec    .         Reflect  .   (no cloak)
rCorr    .         Harm     .   s - +0 pair of gloves
MR       .....                  (no boots)
Stlth    ++........             (no amulet)
Regen    0.2/turn               (no ring)
                                (no ring)

@: no status effects
A: hooves 1, spiny 2
a: Renounce Religion


You were on level 7 of the Dungeon.
You worshipped Vehumet.
Vehumet was pleased with you.
You were not hungry.

You visited 2 branches of the dungeon, and saw 8 of its levels.
You also visited: Sewer.

You collected 208 gold pieces.
You spent 62 gold pieces at shops.

Inventory:

Hand Weapons
 b - a +0 dagger
 y - a +2 spear of piercing (weapon)
Missiles
 w - 4 throwing nets (quivered)
Armour
 c - a +0 robe (worn)
 s - a +0 pair of gloves (worn)
Wands
 A - a wand of confusion (12/48)
Scrolls
 a - a scroll of teleportation
 h - 4 scrolls of identify
 i - a scroll of immolation {unknown}
 j - a scroll of noise {unknown}
 m - 2 scrolls of amnesia
 o - a scroll of fear {unknown}
 u - 2 scrolls of enchant weapon
 v - a scroll of blinking
 B - a scroll of remove curse {unknown}
Potions
 f - a potion of invisibility
 g - 5 potions of flight
 k - a potion of haste {unknown}
 l - a potion of cure mutation {unknown}
 n - a potion of heal wounds
 p - 4 potions of curing
 q - 2 potions of might
 r - a potion of magic {unknown}
 z - a potion of resistance {unknown}
Books
 e - a book of Geomancy

   Spells                             Type                      Level
   a - Sandblast                      Earth                        1
   b - Passwall                       Transmutation/Earth          2
   c - Stone Arrow                    Conjuration/Earth            3
   d - Petrify                        Transmutation/Earth          4
   e - Lee's Rapid Deconstruction     Earth                        5
Comestibles
 d - a bread ration
 t - 5 meat rations
 x - a royal jelly
 C - 2 chunks of flesh


   Skills:
 - Level 2.0 Fighting
 - Level 6.0 Short Blades
 - Level 1.7 Dodging
 - Level 4.0 Stealth
 - Level 2.0 Spellcasting
 + Level 6.2 Conjurations
 - Level 4.0 Transmutations
 - Level 4.0 Earth Magic


You had 2 spell levels left.
You knew the following spells:

 Your Spells              Type           Power        Failure   Level  Hunger
a - Petrify               Tmut/Erth      ###.....     34%         4    #####..
b - Passwall              Tmut/Erth      ###.......   6%          2    ###....
c - Stone Arrow           Conj/Erth      ###...       8%          3    ###....


Dungeon Overview and Level Annotations

Branches:
Dungeon (7/15)             Temple (1/1) D:4

Altars:
Cheibriados
Elyvilon
Fedhas
Gozag
Kikubaaqudgha
Nemelex Xobeh
Okawaru
Qazlal
Uskayaw
Vehumet
Xom
Yredelemnul
The Shining One

Shops:
D:4 *   D:6 [


Innate Abilities, Weirdness & Mutations

You have large cloven feet.
You are mostly covered in sharp spines.


Message History

There is something else lying underneath.
The floor.
Unknown command.
Casting: Stone Arrow
Confirm with . or Enter, or press ? or * to list all spells.
Aiming: Stone Arrow
Press: ? - help, Shift-Dir - straight line, f - gnoll
Aim: a gnoll, wielding a club (heavily wounded, fast)
The stone arrow hits the gnoll.
You kill the gnoll!
Vehumet accepts your kill.
You feel your power returning. The gnoll closely misses you.
Your magical contamination has completely faded away.
Things that are here:
a short sword; an orc corpse Some of the chunks of flesh in your inventory have rotted away.
Items here: )) [ รท a dagger; a robe; a dagger; an orc skeleton The gnoll is struck by your spines.
The gnoll hits you with a flail!
You die...

###############
#......<...@g.#
###.###########g#
... #.# ##.. ####
#.# ..... ..# #.#
##...####.# #.#
.$......#.## #.#
...........####.#
#........)..).#


You could see 2 gnolls.

Vanquished Creatures
  Prince Ribbit (D:6)
  A hungry ghost (D:4)
  A sky beast (D:6)
  An ice beast (D:6)
  A phantom (D:6)
  A centaur (D:6)
  A big kobold (Sewer)
  A gnoll sergeant (D:4)
  2 scorpions
  3 wights
  5 vampire bats
  A crimson imp (D:6)
  4 hounds
  A gnoll shaman (D:7)
  2 orc priests
  Terence (D:2)
  Ijyb (D:2)
  3 orc wizards
  2 worker ants
  8 gnolls
  2 adders
  5 river rats
  An ooze (D:6)
  An adder zombie (D:6)
  3 worms
  A dart slug (D:1)
  3 leopard geckos
  21 orcs
  A ball python (D:4)
  2 bat skeletons (D:5)
  3 bat zombies (D:5)
  4 giant cockroaches
  11 goblins
  3 hobgoblins (D:2)
  4 jackals
  9 kobolds
  3 quokkas
  20 bats
  9 frilled lizards
  9 rats
156 creatures vanquished.

Notes
Turn   | Place    | Note
-------+----------+-------------------------------------------
     0 | D:1      | Kaname the Demonspawn Earth Elementalist began the quest for the Orb.
     0 | D:1      | Reached XP level 1. HP: 13/13 MP: 3/3
   178 | D:1      | Gained mutation: You are partially covered in sharp spines. [demonic ancestry]
   178 | D:1      | Reached XP level 2. HP: 17/19 MP: 5/5
   916 | D:1      | Reached XP level 3. HP: 24/24 MP: 6/6
   920 | D:1      | Learned a level 2 spell: Passwall
   924 | D:1      | Learned a level 3 spell: Stone Arrow
  1322 | D:2      | Noticed Terence
  1326 | D:2      | Killed Terence
  1326 | D:2      | Reached skill level 1 in Conjurations
  1394 | D:2      | Gained mutation: You have large cloven feet. [demonic ancestry]
  1394 | D:2      | Reached XP level 4. HP: 30/30 MP: 7/7
  1469 | D:2      | Reached skill level 1 in Transmutations
  1606 | D:2      | Noticed Ijyb
  1615 | D:2      | Killed Ijyb
  1838 | D:3      | HP: 1/30 [orc priest/divine providence (15)]
  2198 | D:3      | Reached XP level 5. HP: 26/35 MP: 1/8
  2836 | D:4      | Found Tulof's Assorted Antiques.
  2846 | D:4      | Bought a scroll of identify for 62 gold pieces
  3197 | D:4      | Noticed a hungry ghost
  3391 | D:4      | Reached XP level 6. HP: 32/41 MP: 3/9
  3397 | D:4      | Learned a level 4 spell: Petrify
  3483 | D:4      | Found a staircase to the Ecumenical Temple.
  3513 | Temple   | Entered the Ecumenical Temple
  3580 | Temple   | Became a worshipper of Vehumet
  4462 | D:3      | Reached XP level 7. HP: 22/46 MP: 6/10
  4644 | D:4      | Killed a hungry ghost
  4644 | D:4      | Reached skill level 5 in Conjurations
  4751 | D:5      | Entered Level 5 of the Dungeon
  4913 | D:5      | Reached * piety under Vehumet
  4913 | D:5      | Offered knowledge of Freeze by Vehumet.
  4925 | D:5      | Found a glowing drain.
  4929 | Sewer    | Entered a sewer
  5364 | Sewer    | Found a glowing silver altar of Zin.
  5749 | D:5      | Found an ancient bone altar of Kikubaaqudgha.
  5751 | D:5      | Reached skill level 1 in Short Blades
  5753 | D:5      | Gained mutation: You are mostly covered in sharp spines. [demonic ancestry]
  5753 | D:5      | Reached XP level 8. HP: 52/52 MP: 11/11
  5900 | D:6      | Noticed Prince Ribbit
  5992 | D:6      | Reached ** piety under Vehumet
  5992 | D:6      | Offered knowledge of Magic Dart by Vehumet.
  6239 | D:6      | Found Raicurex's Antique Armour Boutique.
  6789 | D:6      | Killed Prince Ribbit
  6789 | D:6      | Reached skill level 5 in Short Blades
  8032 | D:7      | Slain by a gnoll

Vault maps used:
D:1:      lemuel_arrival_broad_hall, lemuel_another_geyser
D:2:      uniq_terence, uniq_iyjb
D:4:      minmay_temple_entry_grid, first_bread, serial_shops, shop_statue,
          minivault_14, serial_bayou_pond_c, minmay_fountain_box,
          roderic_batcave, lightli_minifort
D:5:      kennysheep_vampire_church, gup_sewer_entry_bowl
D:6:      serial_shops, nicolae_shop_waterfront, uniq_prince_ribbit1
D:7:      corexii_shack_village, grunt_ogre_cave, bloody_trog, uniq_pikel
Temple:   regret_index_temple_chain_breaker
Sewer:    sewer_kobolds

Skill      XL: |  1  2  3  4  5  6  7  8 |
---------------+-------------------------+-----
Earth Magic    | 3 4 |  4.0
Conjurations   | 1 2 3 4 6 |  6.2
Transmutations | 1 2 4 |  4.0
Stealth        | 3 4 |  4.0
Short Blades   | 1 6 |  6.0
Fighting       | 2 |  2.0
Dodging        | |  1.7
Spellcasting   | |  2.0

Action                   |  1- 3 |  4- 6 |  7- 9 || total
-------------------------+-------+-------+-------++-------
Melee: Spear             |    93 |   137 |   169 ||   399
       Kick              |       |    18 |    26 ||    44
 Cast: Stone Arrow       |     3 |    26 |    50 ||    79
  Use: Scroll            |     1 |     6 |     6 ||    13
       Potion            |       |       |     1 ||     1
 Stab: Sleeping          |     7 |     6 |    10 ||    23
  Eat: Chunk             |     2 |    11 |    10 ||    23
       Bread ration      |       |       |     3 ||     3
Armor: Robe              |    10 |    10 |    22 ||    42
Dodge: Dodged            |    59 |    71 |    78 ||   208
